 Dungeon Crawl Stone Soup version 0.17.2-1-ge4368a0 (webtiles) character file.

210 Ladykiller69 the Shield-Bearer (level 6, 0/49 HPs)
             Began as a Formicid Fighter on Sept 16, 2016.
             Slain by a hound skeleton (3 damage)
             ... on level 4 of the Dungeon.
             The game lasted 00:04:56 (2599 turns).

Ladykiller69 the Shield-Bearer (Formicid Fighter)   Turns: 2599, Time: 00:04:56

Health: 0/49       AC:  7    Str: 22    XL:     6   Next: 12%
Magic:  6/6        EV:  9    Int:  8    God:
Gold:   153        SH: 10    Dex: 10    Spells: 0 memorised, 5 levels left

rFire  . . .     SeeInvis +     a - +0 war axe
rCold  . . .     Clarity  .     b - +0 scale mail
rNeg   . . .     SustAt   .     c - +0 shield
rPois  .         Gourm    .     (helmet unavailable)
rElec  .         Spirit   .     (no cloak)
rCorr  .         Warding  .     (no gloves)
rMut   .         Stasis   +     (no boots)
MR     .....                    (no amulet)
Stlth  ..........               (no ring)
                                (no ring)

@: not resistant to hostile enchantments, extremely unstealthy
A: permanent stasis, dig shafts and tunnels, four strong arms, antennae 3
a: Dig, Shaft Self


You were on level 4 of the Dungeon.
You were not hungry.

You visited 1 branch of the dungeon, and saw 4 of its levels.

You collected 153 gold pieces.

Inventory:

Hand Weapons
 a - a +0 war axe (weapon)
Missiles
 k - 3 javelins (quivered)
 v - 4 tomahawks
Armour
 b - a +0 scale mail (worn)
 c - a +0 shield (worn)
Jewellery
 j - an uncursed amulet of faith {unknown}
 m - a +3 ring of evasion {unknown}
Scrolls
 f - a scroll of enchant armour {unknown}
 h - 3 scrolls of teleportation {unknown}
 o - 4 scrolls of identify {unknown}
 p - a scroll of blinking {unknown}
 s - 3 scrolls of remove curse {unknown}
Potions
 d - a potion of might
 i - a potion of degeneration {unknown}
 l - 2 potions of curing {unknown}
 q - 2 potions of brilliance {unknown}
 r - 2 potions of poison {unknown}
 t - a potion of haste {unknown}
Comestibles
 e - 4 bread rations
 g - a beef jerky
 n - a slice of pizza
 u - a meat ration


   Skills:
 + Level 4.3 Fighting
 + Level 3.2 Axes
 + Level 4.2 Armour
 - Level 1.3 Dodging
 + Level 4.8 Shields


You had 5 spell levels left.
You didn't know any spells.

Dungeon Overview and Level Annotations

Branches:
Dungeon (4/15)
 Temple: D:4-7

Altars:
Ashenzari
Nemelex Xobeh
The Shining One


Innate Abilities, Weirdness & Mutations

You are under a permanent stasis effect.
You can dig through walls and to a lower floor.
Your four strong arms can wield two-handed weapons with a shield.
You have a pair of large antennae on your head (SInv).


Message History

Increase (S)trength, (I)ntelligence, or (D)exterity?
You feel stronger.
You hit the orc.
The orc is moderately wounded.
You hit the hound skeleton.
The hound skeleton bites you but does no damage.
The orc hits you with a morningstar of protection!
The hound skeleton bites you.
* * * LOW HITPOINT WARNING * * *
You completely miss the orc.
The orc is moderately wounded.
You hit the hound skeleton.
The hound skeleton bites you but does no damage.
The orc hits you with a morningstar of protection!
* * * LOW HITPOINT WARNING * * *
You block the hound skeleton's attack.
An orc comes into view. It is wielding a club.
Are you sure you want to shaft yourself?
You feel somewhat more hungry. The hound skeleton bites you.
You die...

#. .### ..##
..... ..#{
.... ..o
..Z#{# #.#.#
#.{.###
###<..#####
#@Zo.......#
#.o.(....#.#
##########


You could see 2 orcs and a hound skeleton.

Vanquished Creatures
  Ijyb (D:2)
  An orc wizard (D:4)
  Terence (D:3)
  6 adders
  A worm (D:2)
  2 giant geckos (D:2)
  2 orcs (D:4)
  6 bats
  13 goblins
  7 hobgoblins
  10 jackals
  2 ball pythons (D:1)
  2 giant cockroaches
  7 giant newts
  9 kobolds
  8 rats
78 creatures vanquished.

Notes
Turn   | Place    | Note
--------------------------------------------------------------
     0 | D:1      | Ladykiller69 the Formicid Fighter began the quest for the Orb.
     0 | D:1      | Reached XP level 1. HP: 18/18 MP: 1/1
   160 | D:1      | Reached XP level 2. HP: 24/24 MP: 2/2
   369 | D:1      | Found a sparkling altar of Nemelex Xobeh.
   697 | D:2      | Reached XP level 3. HP: 27/30 MP: 3/3
   716 | D:2      | Found a shattered altar of Ashenzari.
   723 | D:2      | Reached skill level 4 in Shields
  1183 | D:2      | Reached XP level 4. HP: 37/37 MP: 4/4
  1331 | D:2      | Reached skill level 1 in Dodging
  1336 | D:2      | Noticed Ijyb
  1344 | D:2      | Killed Ijyb
  1797 | D:3      | Reached XP level 5. HP: 42/42 MP: 5/5
  1895 | D:3      | Noticed Terence
  1905 | D:3      | Killed Terence
  2565 | D:4      | Found a glowing golden altar of the Shining One.
  2596 | D:4      | Reached XP level 6. HP: 28/49 MP: 6/6
  2599 | D:4      | Slain by a hound skeleton

Action                   |  1- 3 |  4- 6 || total
-------------------------+-------+-------++-------
Melee: War axe           |   112 |   131 ||   243
 Abil: Dig               |     3 |       ||     3
       Shaft Self        |       |     1 ||     1
  Eat: Chunk             |     1 |     5 ||     6
